 Dungeon Sprint DCSS version 0.30.1-11-g7821555f0a (webtiles) character file.

Game seed: 14917095489340047942

18591 Groucho the Unseen (level 12, -3/63 HPs)
             Began as a Spriggan Enchanter on Dec 19, 2023.
             Was the Champion of Dithmenos.
             Succumbed to a death drake's dark miasma
             ... in the Dungeon (Sprint II: "The Violet Keep of Menkaure").
             The game lasted 00:11:47 (1040 turns).

Groucho the Unseen (Spriggan Enchanter)             Turns: 1040, Time: 00:11:47

Health: -3/63      AC:  2    Str:  4    XL:     12   Next: 29%
Magic:  11/20      EV: 19    Int: 22    God:    Dithmenos [******]
Gold:   681        SH:  0    Dex: 15    Spells: 5/21 levels left

rFire   . . .        a - +1 dagger
rCold   . . .        (no shield)
rNeg    . . .        b - +0 robe
rPois   +            (helmet restricted)
rElec   .            (no cloak)
rCorr   .            (gloves unavailable)
SInv    +            (boots unavailable)
Will    ++...        (no amulet) Stlth *+++++++++
                     f - ring of poison resistance
HPRegen 0.30/turn    j - ring of flight
MPRegen 0.17/turn

%: no teleportation
@: lethally poisoned (-3 -> -26), flying, slowed, wreathed by umbra, quick
A: very small, no large weapons, unfitting armour, see invisible, speed 3
a: Renounce Religion, Shadow Step, Shadow Form


You were in the Dungeon.
You worshipped Dithmenos.
Dithmenos was exalted by your worship.
You visited 1 branch You collected 1798 gold pieces.
You spent 1117 gold pieces at shops.

Inventory:

Hand Weapons
 a - a +1 dagger (weapon)
 c - the +9 dagger of Burning Gallantry {flame, *Corrode rPois Str+3}
   (You found it in the Dungeon)

   Str:       It affects your strength (+3).
   rPois:     It protects you from poison.
   *Corrode:  It may corrode you when you take damage.
 d - a +1 rapier of flaming
 k - a +0 arbalest
Armour
 b - a +0 robe (worn)
Jewellery
 e - a ring of fire
 f - a ring of poison resistance (left hand)
 j - a ring of flight (right hand)
 m - a ring of wizardry
 n - the amulet "Ompaafu" {Faith rN+ Dex+3}
   (You found it in the Dungeon)

   [amulet of faith]

   It allows you to gain divine favour quickly.
   Dex:       It affects your dexterity (+3).
   rN:        It protects you from negative energy.
 p - the ring of Pehaalegg {Ice Dex+3 Stlth+}
   (You found it in the Dungeon)

   [ring of ice]

   It enhances your ice magic.
   Dex:       It affects your dexterity (+3).
   rF:        It makes you vulnerable to fire.
   rC:        It protects you from cold.
   Stlth:     It makes you more stealthy.
Scrolls
 i - a scroll of blinking
 o - a scroll of acquirement {unknown}
Potions
 g - a potion of magic
 h - a potion of berserk rage


   Skills:
 + Level 7.5 Fighting
 - Level 5.0 Short Blades
 - Level 5.0 Dodging
 - Level 15.0 Stealth
 - Level 5.0 Spellcasting
 - Level 9.8 Conjurations
 - Level 14.0 Hexes
 - Level 10.7 Fire Magic
 - Level 12.3 Earth Magic


You had 5 spell levels left.
You knew the following spells:

 Your Spells              Type           Power      Damage    Failure   Level
a - Ensorcelled Hibernat  Hex/Ice        72%        N/A       1%          2
b - Confusing Touch       Hex            61%        N/A       1%          3
c - Dazzling Flash        Conj/Hex       100%       N/A       1%          3
d - Tukima's Dance        Hex            61%        N/A       1%          3
e - Lee's Rapid Deconstr  Erth           28%        3d15*     1%          5

Your spell library contained the following spells:

 Spells                   Type           Power      Damage    Failure   Level
 Fulminant Prism          Conj/Hex       27%        3d14      1%          4
 Volatile Blastmotes      Fire/Tloc      58%        2d14      3%          3
 Iskenderun's Mystic Bla  Conj/Tloc      27%        2d7       13%         4
 Starburst                Conj/Fire      25%        6d8       22%         6


Dungeon Overview and Level Annotations

Branches:
Dungeon (1/1)

Altars:
Cheibriados
Dithmenos
Elyvilon
Fedhas
Gozag
Hepliaklqana
Kikubaaqudgha
Makhleb
Nemelex Xobeh
Okawaru
Qazlal
Ru
Sif Muna
Trog
Uskayaw
Vehumet
Wu Jian
Xom
Yredelemnul
Zin
The Shining One
Jiyva
Lugonu

Shops:
D :*([[?(=*!!:[=?

Annotations:
D exclusion: oklob plant, Roxanne


Innate Abilities, Weirdness & Mutations

You are very small and have problems with some larger weapons.
You are too small for most types of armour.
You have supernaturally acute eyesight. (SInv)
You cover ground extremely quickly. (Speed+++)


Message History

The death drake resists with some effort.
You are engulfed in dark miasma.
You are more poisoned.
You feel yourself slow down.
You feel extremely sick. The death drake completely misses you.
The death drake closely misses you.
Unknown command.
Okay, then.
Blink to where?
Press: ? - help, Dir - move target, f - you, p - death drake
Okay, then.
Unknown command.
Unknown command.
Unknown command.
Unknown command.
Unknown command.
Casting: Ensorcelled Hibernation (safe; 1% risk of failure)
Confirm with . or Enter, or press ? or * to list all spells.
Aiming: Lee's Rapid Deconstruction (dangerous; 1% risk of failure)
Press: ? - help, Dir - move target, p - death drake A stone wall, spattered with blood.
This square is wreathed by an umbra.
The wall shatters!
The blast of rock fragments hits the death drake!!
You kill the death drake!
Dithmenos accepts your kill.
You are engulfed in dark miasma.
* * * LOW HITPOINT WARNING * * *
x2 You feel extremely sick.
Your Fighting skill increases to level 6!
Unknown command.
Unknown command.
Unknown command.
Unknown command.
Okay, then.
It was a potion of experience.
You feel more experienced!
Your Fighting skill increases to level 7!
You have reached level 12!
You die...

#†.......▓ ##⌠....#+▓
##.÷.[# ##''## ##≈^..###
#§§.....## + ####....#!## ..
#..'^...#†.#
#+##..#..####^#.@#
.#.##.####..+.##.# .#.÷#
...#..#...####
...####..#####..##.# ($(
#'###.##..#..'^.#..#▓!$$)|
#.##.#.#..#..#..#.†#▓$$$(=?
.<.'###'..####..##.#▓!??)?$$
#.##.#.#....###.^.##▓▓▓▓▓▓▓+
#'###.##.....§~~~~~~~~~~~~~


There were no monsters in sight!

Vanquished Creatures
  A deep elf master archer (D)
  A crystal guardian (D)
  2 hell hogs (D)
  2 death drakes (D)
  3 manticores (D)
  2 cane toads (D)
  A yaktaur (D)
  2 unseen horrors (D)
  3 polar bears (D)
  A hornet (D)
  3 slime creatures (D)
  5 wyverns (D)
  Menkaure (D)
  4 water moccasins (D)
  2 swamp drakes (D)
  3 black bears (D)
  4 necrophages (D)
  5 scorpions (D)
  3 worms (D)
  A spectral jackal (D)
  A spectral quokka (D)
50 creatures vanquished.

Notes
Turn   | Place    | Note
-------+----------+-------------------------------------------
     0 | D        | Groucho the Spriggan Enchanter began the quest for the Orb.
     0 | D        | Reached XP level 1. HP: 9/9 MP: 5/5
     3 | D        | Noticed a necrophage
     3 | D        | Noticed a necrophage
     3 | D        | Noticed a necrophage
     3 | D        | Noticed a necrophage
    15 | D        | Killed a necrophage
    16 | D        | Reached skill level 6 in Stealth
    16 | D        | Reached skill level 5 in Hexes
    16 | D        | Reached XP level 2. HP: 13/15 MP: 6/8
    16 | D        | Reached XP level 3. HP: 16/18 MP: 6/9
    22 | D        | Killed a necrophage
    23 | D        | Reached skill level 5 in Dodging
    23 | D        | Reached skill level 8 in Stealth
    23 | D        | Reached skill level 5 in Spellcasting
    23 | D        | Reached XP level 4. HP: 22/24 MP: 7/12
    25 | D        | Killed a necrophage
    26 | D        | Reached skill level 5 in Short Blades
    26 | D        | Reached skill level 10 in Stealth
    26 | D        | Reached XP level 5. HP: 28/30 MP: 7/13
    28 | D        | Reached skill level 5 in Fighting
    28 | D        | Reached skill level 12 in Stealth
    33 | D        | Noticed a wyvern
    33 | D        | Noticed a wyvern
    36 | D        | Killed a wyvern
    37 | D        | Reached skill level 15 in Stealth
    37 | D        | Reached XP level 6. HP: 35/35 MP: 8/14
    40 | D        | Killed a wyvern
    41 | D        | Reached skill level 10 in Hexes
    41 | D        | Reached XP level 7. HP: 39/39 MP: 8/15
    71 | D        | Found Plog's Jewellery Emporium.
    72 | D        | Found Bosunuiz's Distillery.
    72 | D        | Found Milel's Assorted Antiques.
    72 | D        | Found Hyoligin's Antique Armour Shoppe.
    72 | D        | Found Zeihapt's Jewellery Shoppe.
    72 | D        | Found Orujeferu's Distillery.
    72 | D        | Found Pymofe's Antique Armour Emporium.
    72 | D        | Found Ruxzobre's Armour Shoppe.
    72 | D        | Found Qempolul's Antique Weapon Emporium.
    72 | D        | Found Xoluuc's Magic Scroll Shoppe.
    78 | D        | Learned a level 2 spell: Ensorcelled Hibernation
    82 | D        | Learned a level 3 spell: Tukima's Dance
    86 | D        | Learned a level 3 spell: Confusing Touch
    90 | D        | Learned a level 3 spell: Dazzling Flash
   103 | D        | Found Kepp's Weapon Shoppe.
   103 | D        | Found Wituir's Book Shoppe.
   103 | D        | Found Jaschu's Magic Scroll Emporium.
   103 | D        | Found Peag's Assorted Antiques.
   103 | D        | Noticed Menkaure
   103 | D        | Noticed a great orb of eyes
   123 | D        | Killed Menkaure
   126 | D        | Noticed an oklob plant
   137 | D        | Found Qogirh Gofic's Book Shoppe.
   197 | D        | Noticed a fire dragon
   199 | D        | Noticed a yak
   199 | D        | Noticed a yak
   222 | D        | Bought a ring of fire for 250 gold pieces
   222 | D        | Bought a ring of poison resistance for 200 gold pieces
   228 | D        | Bought a ring of flight for 227 gold pieces
   250 | D        | Found a glowing silver altar of Zin.
   251 | D        | Found a glowing golden altar of the Shining One.
   251 | D        | Found a basalt altar of Yredelemnul.
   251 | D        | Found a hide-covered altar of Uskayaw.
   252 | D        | Found a shimmering altar of Xom.
   252 | D        | Found a bloodstained altar of Trog.
   252 | D        | Found a radiant altar of Vehumet.
   252 | D        | Found a burning altar of Makhleb.
   253 | D        | Found an ornate altar of the Wu Jian Council.
   253 | D        | Found a shimmering blue altar of Sif Muna.
   253 | D        | Found a corrupted altar of Lugonu.
   254 | D        | Found a sacrificial altar of Ru.
   254 | D        | Found an ancient bone altar of Kikubaaqudgha.
   254 | D        | Found a white marble altar of Elyvilon.
   255 | D        | Found a stormy altar of Qazlal.
   255 | D        | Found a viscous altar of Jiyva.
   255 | D        | Found a shadowy altar of Dithmenos.
   256 | D        | Found a hazy altar of Hepliaklqana.
   256 | D        | Found a snail-covered altar of Cheibriados.
   258 | D        | Found a sparkling altar of Nemelex Xobeh.
   258 | D        | Found a blossoming altar of Fedhas.
   259 | D        | Found an opulent altar of Gozag.
   259 | D        | Found an iron altar of Okawaru.
   264 | D        | Became a worshipper of Dithmenos the Shadowed
   277 | D        | Reached XP level 8. HP: 43/43 MP: 16/16
   279 | D        | Reached * piety under Dithmenos
   280 | D        | Reached skill level 5 in Earth Magic
   286 | D        | Noticed a hell hog
   287 | D        | Noticed a hell hog
   288 | D        | Killed a hell hog
   290 | D        | Killed a hell hog
   290 | D        | Reached ** piety under Dithmenos
   291 | D        | Reached XP level 9. HP: 47/47 MP: 17/17
   322 | D        | Identified the staff of death "Dituesue" {rN+ Str+4}
   342 | D        | Noticed Roxanne
   363 | D        | Bought a book of Spectacle for 440 gold pieces
   388 | D        | Noticed a polar bear
   389 | D        | Noticed a yaktaur
   390 | D        | Noticed a polar bear
   390 | D        | Noticed a polar bear
   391 | D        | Killed a polar bear
   400 | D        | Killed a polar bear
   400 | D        | Reached *** piety under Dithmenos
   423 | D        | Killed a yaktaur
   424 | D        | Killed a polar bear
   425 | D        | Reached skill level 5 in Fire Magic
   613 | D        | Noticed a death drake
   623 | D        | Noticed a deep elf master archer
   628 | D        | Killed a deep elf master archer
   629 | D        | Reached XP level 10. HP: 51/51 MP: 18/18
   636 | D        | Reached **** piety under Dithmenos
   647 | D        | Noticed a cane toad
   647 | D        | Noticed a cane toad
   647 | D        | Noticed a manticore
   647 | D        | Noticed a manticore
   647 | D        | Noticed a manticore
   649 | D        | Killed a manticore
   653 | D        | Killed a manticore
   653 | D        | Reached ***** piety under Dithmenos
   685 | D        | Killed a cane toad
   696 | D        | Reached ****** piety under Dithmenos
   706 | D        | Killed a manticore
   707 | D        | Reached skill level 10 in Fire Magic
   707 | D        | Reached XP level 11. HP: 26/55 MP: 13/19
   740 | D        | Identified the +9 dagger of Burning Gallantry {flame,
                  | *Corrode rPois Str+3}
   751 | D        | Identified the amulet "Ompaafu" {Faith rN+ Dex+3}
   762 | D        | Learned a level 5 spell: Lee's Rapid Deconstruction
   764 | D        | Identified the +6 quarterstaff of Premature Burial {heavy,
                  | *Rage rF+ rCorr Int+3}
   765 | D        | Identified the ring of Pehaalegg {Ice Dex+3 Stlth+}
  1028 | D        | Noticed a death drake
  1028 | D        | Noticed a crystal guardian
  1031 | D        | Killed a crystal guardian
  1035 | D        | Killed a death drake
  1039 | D        | Killed a death drake
  1040 | D        | Reached XP level 12. HP: 4/63 MP: 10/20
  1040 | D        | Succumbed to a death drake's dark miasma

Illustrated notes

Levels and vault maps discovered:
D:        the_violet_keep_of_menkaure [sprint2_stairs_cluster_1,
          sprint2_shoproom, sprint2_temple, sprint2_basic_supplies,
          sprint2_obstacle_6, sprint2_obstacle_5, sprint2_obstacle_2,
          sprint2_obstacle_1, sprint2_obstacle_7, sprint2_timed_cluster_1,
          sprint2_smallroom_cluster_1, sprint2_smallroom_final_cluster_1,
          sprint2_transparent_cluster_1, sprint2_second_timed_cluster_1,
          sprint2_sniper_area_1, sprint2_heavy_combat_area_1,
          sprint2_mutation_trap_area_1, sprint2_forest_area_1,
          sprint2_light_combat_area_1, sprint2_behind_water_1,
          sprint2_near_end_vault_1]

Skill      XL: |  1  2  3  4  5  6  7  8  9 10 11 |
---------------+----------------------------------+-----
Fighting       | 2 3 4 5 7 |  7.5
Short Blades   | 3 4 5 |  5.0
Dodging        | 4 5 |  5.0
Stealth        | 6 8 10 15 | 15.0
Spellcasting   | 4 5 |  5.0
Hexes          | 5 7 10 14 | 14.0
Earth Magic    | 2 11 12 | 12.3
Conjurations   | 6 9 |  9.8
Fire Magic     | 7 10 | 10.7

Action                     |  1- 3 |  4- 6 |  7- 9 | 10-12 || total
---------------------------+-------+-------+-------+-------++-------
  Melee: Dagger            |    15 |     4 |    48 |    36 ||   103
         Punch             |       |       |     2 |       ||     2
   Cast: Ensorcelled Hiber |       |       |     6 |    16 ||    22
         Confusing Touch   |       |       |     5 |       ||     5
         Dazzling Flash    |       |       |       |     1 ||     1
         Lee's Rapid Decon |       |       |       |     1 ||     1
    Use: Potion            |     3 |       |     1 |     3 ||     7
   Stab: Invisible         |     3 |       |     1 |     1 ||     5
         Sleeping          |     1 |     4 |    16 |    20 ||    41
         Confused          |       |       |     8 |       ||     8
 Armour: Robe              |       |       |       |     1 ||     1
  Dodge: Dodged            |     8 |       |    30 |    34 ||    72
